 Dungeon Sprint DCSS version 0.16-a0-3781-g2316936 (console) character file.

157 Monkaria the Carver (level 5, -4/50 HPs)
             Began as a Hill Orc Fighter on Jan 25, 2015.
             Was a Believer of Makhleb.
             Slain by a shadow (21 damage)
             ... in the Dungeon (Sprint IX: "|||||||||||||||||||||||||||||").
             The game lasted 00:02:19 (468 turns).

Monkaria the Carver (Hill Orc Fighter)               Turns: 468, Time: 00:02:19

Health: -4/50      AC: 12    Str: 23    XL:     5   Next: 38%
Magic:  5/5        EV:  7    Int:  8    God:    Makhleb [**....]
Gold:   0          SH:  9    Dex: 10    Spells: 0 memorised, 4 levels left

rFire  . . .     SeeInvis .     p - +2 scimitar of Fate {drain, +Inv rElec rPois-}
rCold  . . .     Clarity  .     s - +1 chain mail
rNeg   . . .     SustAb   .     c - +0 shield
rPois  x         Gourm    .     r - +0 helmet
rElec  +         Spirit   .     (no cloak)
rCorr  .         Warding  .     (no gloves)
rMut   .         NoTele   +     q - +0 pair of boots
MR     .....                    (no amulet)
Stlth  ..........               t - +3 ring of strength
                                u - +2 ring of evasion

@: not resistant to hostile enchantments, extremely unstealthy
A: no striking features
a: Minor Destruction, Renounce Religion, Evoke Invisibility


You were in the Dungeon.
You worshipped Makhleb.
Makhleb was pleased with you.
You were not hungry.

You visited 1 branch

Inventory:

Hand weapons
 a - a +0 long sword
 p - the +2 scimitar of Fate (weapon) {drain, +Inv rElec rPois-}
   (You found it in the Dungeon)

   A truly terrible weapon, it drains the life of those it strikes.
   It insulates you from electricity.
   It makes you vulnerable to poison.
   It lets you turn invisible.
Armour
 c - a +0 shield (worn)
 q - a +0 pair of boots (worn)
 r - a +0 helmet (worn)
 s - a +1 chain mail (worn)
Jewellery
 t - a +3 ring of strength (right hand)
 u - a +2 ring of evasion (left hand)
Magical devices
 o - a wand of cold (7)
Scrolls
 k - 2 scrolls of blinking
 m - 3 scrolls of remove curse
 n - 2 scrolls of amnesia
Potions
 e - a potion of might
 f - a potion of invisibility
 g - 3 potions of heal wounds
 h - a potion of haste
 i - 4 potions of magic
 j - a potion of berserk rage
 l - 4 potions of curing
Comestibles
 b - a chunk of flesh
 d - a meat ration


   Skills:
 - Level 6.1 Fighting
 * Level 10.6 Long Blades
 - Level 3.2 Armour
 - Level 3.2 Shields


You had 4 spell levels left.
You didn't know any spells.

Dungeon Overview and Level Annotations

Branches:
Dungeon (1/1)

Altars:
Cheibriados
Dithmenos
Elyvilon
Fedhas
Gozag
Kikubaaqudgha
Makhleb
Nemelex Xobeh
Okawaru
Qazlal
Ru
Sif Muna
Trog
Vehumet
Xom
Yredelemnul
Zin
The Shining One
Beogh
Jiyva
Lugonu


Message History

The shadow hits you!
The ball python skeleton bites the ballistomycete.
The ball python skeleton constricts the ballistomycete.
You slash the shadow!
The shadow is almost destroyed.
The shadow hits you.
The ball python skeleton bites the ballistomycete but does no damage.
The ball python skeleton constricts the ballistomycete.
You hit the shadow but do no damage.
The shadow is almost destroyed.
You barely miss the shadow.
The shadow is almost destroyed.
The shadow slips into darkness.
The shadow flickers and vanishes!
Deactivating autopickup; reactivate with Ctrl-A.
The ball python skeleton bites the ballistomycete but does no damage.
The ball python skeleton constricts the ballistomycete.
You hit something but do no damage.
The shadow strikes at you from the darkness!
You die...

▓.▓
▓[▓
▓÷▓
▓)▓
▓.▓
▓.▓
▓.▓
▓.▓
▓@▓
▓{▓
▓Z▓
▓Z▓
▓*▓
▓P▓
▓Z▓
▓e▓
▓+▓


You could see a deep elf mage, a giant spore, a bat skeleton, a ball python
skeleton and an adder skeleton.

Vanquished Creatures
  A crimson imp (D)
  A jelly (D)
  2 worker ants (D)
  3 adders (D)
  An adder zombie (D)
  A hobgoblin (D)
  A giant gecko (D)
  A giant newt (D)
  3 goblins (D)
  A kobold (D)
  A rat (D)
16 creatures vanquished.

Notes
Turn   | Place    | Note
--------------------------------------------------------------
     0 | D        | Monkaria, the Hill Orc Fighter, began the quest for the Orb.
     0 | D        | Reached XP level 1. HP: 19/19 MP: 1/1
    12 | D        | Reached skill level 4 in Fighting
    21 | D        | Noticed a worker ant
    29 | D        | Reached XP level 2. HP: 21/28 MP: 2/2
    36 | D        | Reached skill level 5 in Fighting
    36 | D        | Reached skill level 5 in Long Blades
    46 | D        | Reached XP level 3. HP: 14/36 MP: 3/3
    52 | D        | Killed a worker ant
    52 | D        | Reached skill level 6 in Fighting
   249 | D        | Found a glowing silver altar of Zin.
   249 | D        | Found a glowing golden altar of the Shining One.
   249 | D        | Found an ancient bone altar of Kikubaaqudgha.
   249 | D        | Found a basalt altar of Yredelemnul.
   249 | D        | Found a shimmering altar of Xom.
   249 | D        | Found a radiant altar of Vehumet.
   249 | D        | Found an iron altar of Okawaru.
   250 | D        | Found a burning altar of Makhleb.
   251 | D        | Found a deep blue altar of Sif Muna.
   252 | D        | Found a bloodstained altar of Trog.
   253 | D        | Found a sparkling altar of Nemelex Xobeh.
   254 | D        | Found a white marble altar of Elyvilon.
   255 | D        | Found a roughly hewn altar of Beogh.
   256 | D        | Found a viscous altar of Jiyva.
   257 | D        | Found a corrupted altar of Lugonu.
   258 | D        | Found a blossoming altar of Fedhas.
   259 | D        | Found a snail-covered altar of Cheibriados.
   260 | D        | Found a shadowy altar of Dithmenos.
   261 | D        | Found a stormy altar of Qazlal.
   262 | D        | Found an opulent altar of Gozag.
   263 | D        | Found a sacrificial altar of Ru.
   277 | D        | Became a worshipper of Makhleb the Destroyer
   308 | D        | Got the +2 scimitar of Fate {drain, +Inv rElec rPois-}
   345 | D        | Noticed a worker ant
   345 | D        | Noticed a crimson imp
   345 | D        | Noticed a jelly
   350 | D        | Reached skill level 7 in Long Blades
   350 | D        | Reached XP level 4. HP: 44/44 MP: 4/4
   354 | D        | Killed a worker ant
   354 | D        | Acquired Makhleb's first power
   354 | D        | Reached skill level 8 in Long Blades
   370 | D        | Killed a jelly
   370 | D        | Acquired Makhleb's second power
   370 | D        | Reached skill level 9 in Long Blades
   370 | D        | Reached XP level 5. HP: 34/50 MP: 5/5
   376 | D        | Killed a crimson imp
   376 | D        | Reached skill level 10 in Long Blades
   460 | D        | Noticed a shadow
   460 | D        | Noticed a deep elf mage
   468 | D        | Slain by a shadow

Action                   |  1- 3 |  4- 6 || total
-------------------------+-------+-------++-------
Melee: Long sword        |    41 |     5 ||    46
       Scimitar          |     3 |    26 ||    29
  Use: Potion            |     1 |       ||     1
